 Dungeon Crawl Stone Soup version 0.28.0-43-g3370ac3207 (webtiles) character file.

Game seed: 16268858856465258619

3273 tizbic2 the Grappler (level 10, -2/66 HPs)
             Began as an Octopode Transmuter on Mar 23, 2022.
             Was a High Priest of Ru.
             Slain by a centaur (3 damage)
             ... on level 9 of the Dungeon.
             The game lasted 00:34:38 (8308 turns).

tizbic2 the Grappler (Octopode Transmuter)          Turns: 8308, Time: 00:34:38

Health: -2/66      AC:  1    Str: 15    XL:     10   Next: 0%
Magic:  5/17       EV: 14    Int: 15    God:    Ru [*****.]
Gold:   315        SH:  0    Dex: 12    Spells: 8/19 levels left

rFire   + . .      SeeInvis .     - Unarmed
rCold   + . .      Faith    .   (helmet restricted)
rNeg    . . .      Spirit   .   (no amulet)
rPois   +          Reflect  .   b - ring of poison resistance
rElec   +          Harm     .   (no ring)
rCorr   +          Rampage  .   (no ring)
Will    .....                   (no ring)
Stlth   ++........              (no ring)
HPRegen 0.21/turn               (no ring)
MPRegen 0.15/turn               (no ring)

@: lethally poisoned (-2 -> -17), blade tentacles (expiring), resistant, marked,
wereblooded, very slightly contaminated
A: almost no armour, amphibious, 7 rings, camouflage 1, gelatinous body 1,
missing a hand, hated by all, no hexes magic, no ice magic, no summoning magic,
(nimble swimmer 1), tentacles
a: End Transformation, Renounce Religion, Draw Out Power, Power Leap, Apocalypse


You were on level 9 of the Dungeon.
You worshipped Ru.
Ru was extremely pleased with you.
You had blades for main tentacles.
You visited 1 branch of the dungeon, and saw 9 of its levels.

You collected 315 gold pieces.

Inventory:

Hand Weapons
 u - a +0 vampiric long sword
Missiles
 e - 10 poisoned darts
 m - 235 stones
 n - 5 boomerangs
 s - 3 throwing nets
 v - 4 javelins
 w - 4 curare-tipped darts
Jewellery
 b - a ring of poison resistance (left blade tentacle)
Wands
 h - a wand of mindburst (23)
 k - a wand of paralysis (9)
 r - a wand of flame (21)
 x - a wand of acid (5)
Scrolls
 f - 5 scrolls of teleportation
 g - 2 scrolls of fear
 i - a scroll of immolation {unknown}
 j - 4 scrolls of identify
 o - a scroll of magic mapping {unknown}
Potions
 a - a potion of lignification {unknown}
 c - 2 potions of resistance
 d - 2 potions of curing {unknown}
 l - 2 potions of degeneration {unknown}
 p - 2 potions of brilliance {unknown}
 q - 2 potions of might {unknown}
 t - a potion of attraction {unknown}
 z - a potion of mutation {unknown}


   Skills:
 + Level 5.1 Fighting
 - Level 5.1 Dodging
 * Level 8.1 Unarmed Combat
 + Level 5.1 Spellcasting
 * Level 7.6 Transmutations


You had 8 spell levels left.
You knew the following spells:

 Your Spells              Type           Power      Damage    Failure   Level
a - Beastly Appendage     Tmut           52%        N/A       13%         1
b - Spider Form           Tmut/Pois      15%        N/A       45%         3
c - Wereblood             Tmut           26%        N/A       16%         2
d - Blade Hands           Tmut           13%        N/A       61%         5

Your spell library contained the following spells:

 Spells                   Type           Power      Damage    Failure   Level
 Ignite Poison            Fire/Tmut/Pois 11%        N/A       58%         3
 Conjure Flame            Conj/Fire      3%         6-21      83%         3
 Irradiate                Conj/Tmut      7%         3d15      95%         5
 Sticky Flame             Conj/Fire      3%         2d3       99%         4
 Dragon Form              Tmut           13%        N/A       100%        7
 Ice Form                 Ice/Tmut       Unusable   N/A       N/A         4

Dungeon Overview and Level Annotations

Branches:
Dungeon (9/15)             Temple (0/1) D:5
   Lair: D:8-11         Orc: D:9-12

Altars:
Fedhas
Okawaru
Ru
Xom

Shops:
D:8 (=

Annotations:
D:5 1 runed translucent door, sylnyx's ghost, amateur TrFi
D:8 1 runed translucent door, issech's ghost, novice TrMo


Innate Abilities, Weirdness & Mutations

You have blades for main tentacles.
Your spellcasting is less reliable in this form.
You are incapable of wielding weapons or throwing items.
You cannot wear most types of armour.
You are amphibious.
You can wear up to seven rings at the same time.
Your skin changes colour to match your surroundings (Stealth+).
Your rubbery body absorbs attacks. (AC +1, EV +1)
You are missing a hand.
You are hated by all.
You cannot study or cast Hexes magic.
You cannot study or cast Ice magic.
You cannot study or cast Summoning magic.
((You are camouflaged when in or above water. (Stealth+)))
You have tentacles for arms and can constrict up to seven enemies at once.


Message History

The centaur shoots an arrow.
The arrow barely misses you.
You have reached level 10!
You feel stronger.
You hit the centaur but do no damage. The centaur hits you.
You focus your inner power and illuminate the centaur in retribution!
The centaur kicks you.
The centaur is stunned by your conviction and fails to attack.
Casting: Blade Hands (extremely dangerous; 61% risk of failure)
Confirm with . or Enter, or press ? or * to list all spells.
Your blood is infused with primal strength.
The centaur closely misses you. The centaur kicks you.
You hit the centaur but do no damage. The killer bee closely misses you.
The centaur misses you.
The centaur kicks you but does no damage.
The killer bee stings you.
You are poisoned.
The killer bee poisons you!
You closely miss the killer bee. Your grab misses the killer bee.
You feel sick. The centaur hits you. The centaur kicks you.
The killer bee stings you.
You redirect the killer bee's attack!
The killer bee misses itself.
You closely miss the killer bee. Your grab misses the killer bee.
You feel sick. The killer bee misses you. The killer bee stings you.
* * * LOW HITPOINT WARNING * * *
The centaur hits you.
* * * LOW HITPOINT WARNING * * *
The centaur kicks you.
* * * LOW HITPOINT WARNING * * *
The killer bee completely misses you. The killer bee misses you.
The centaur misses you. The centaur closely misses you.
It was a potion of resistance.
You feel protected.
Your transformation is almost over.
You feel sick. The killer bee stings you.
* * * LOW HITPOINT WARNING * * *
You are lethally poisoned!
The killer bee poisons you! The killer bee stings you!
* * * LOW HITPOINT WARNING * * *
The centaur hits you.
You die...

#####..###############..
#..# #.. #..# #(. #..#
#.. #..# #.. #..# #..
#..# #..
######..###############..
.......c@yc..............
.........y............)..
####################....#
## #.#...# #W#.##...# #.#
#...# #.#†##...# #.#
###...# #.# #....


You could see 2 centaurs and 2 killer bees.

Vanquished Creatures
  Harold (D:7)
  A shadow (D:9)
  A wyvern (D:9)
  A yak (D:9)
  A wraith (D:6)
  A steam dragon (D:6)
  An acid dragon (D:9)
  2 sky beasts
  A black bear (D:8)
  A centaur (D:7)
  A necrophage (D:6)
  An ogre (D:5)
  A phantom (D:5)
  A bullfrog (D:4)
  4 scorpions
  A water moccasin skeleton (D:6)
  A wyvern skeleton (D:7)
  3 killer bees (D:8)
  2 howler monkeys
  2 bullfrog zombies (D:5)
  A hound (D:5)
  A centaur zombie (D:5)
  A gnoll shaman (D:6)
  Jessica (D:2)
  A centaur skeleton (D:4)
  Terence (D:2)
  5 iguanas
  An orc wizard (D:9)
  A killer bee zombie (D:6)
  2 howler monkey zombies
  8 gnolls
  A howler monkey skeleton (D:7)
  4 adders
  2 shadow imps
  An ufetubus (D:5)
  3 worms (D:2)
  2 dart slugs (D:1)
  2 orcs
  7 endoplasms
  4 giant cockroaches
  9 goblins
  6 hobgoblins
  11 jackals
  10 kobolds
  7 quokkas
  11 ball pythons
  3 bats (D:2)
  A frilled lizard (D:3)
  3 rats
138 creatures vanquished.

Vanquished Creatures (others)
  An ogre (D:5)
  A howler monkey zombie (D:9)
  3 demonic plants (D:1)
  2 fungi (D:1)
  4 plants (D:1)
  3 withered plants (D:1)
14 creatures vanquished.

Grand Total: 152 creatures vanquished

Notes
Turn   | Place    | Note
-------+----------+-------------------------------------------
     0 | D:1      | tizbic2 the Octopode Transmuter began the quest for the
                  | Orb.
     0 | D:1      | Reached XP level 1. HP: 13/13 MP: 3/3
   153 | D:1      | Reached XP level 2. HP: 8/18 MP: 5/5
   648 | D:1      | Reached XP level 3. HP: 9/23 MP: 3/6
   685 | D:1      | Found a faded altar of an unknown god.
   851 | D:1      | Prayed at the altar of an unknown god.
   851 | D:1      | Became a worshipper of Ru the Awakened
   855 | D:1      | Gained mutation: You are missing a hand. [Ru sacrifice]
   855 | D:1      | Reached * piety under Ru
   855 | D:1      | Reached ** piety under Ru
  1062 | D:2      | Learned a level 3 spell: Spider Form
  1077 | D:2      | Noticed Jessica
  1082 | D:2      | Killed Jessica
  1083 | D:2      | Reached XP level 4. HP: 24/28 MP: 4/7
  1700 | D:2      | Noticed Terence
  1711 | D:2      | Killed Terence
  1712 | D:2      | Reached skill level 4 in Unarmed Combat
  1712 | D:2      | Reached XP level 5. HP: 27/34 MP: 5/8
  1950 | D:3      | Learned a level 2 spell: Wereblood
  2172 | D:3      | Found an iron altar of Okawaru.
  3155 | D:4      | Reached XP level 6. HP: 39/39 MP: 10/10
  3352 | D:4      | Gained mutation: You cannot study or cast Ice magic. [Ru
                  | sacrifice]
  3352 | D:4      | Gained mutation: You cannot study or cast Hexes magic. [Ru
                  | sacrifice]
  3352 | D:4      | Gained mutation: You cannot study or cast Summoning magic.
                  | [Ru sacrifice]
  3352 | D:4      | Reached *** piety under Ru
  3352 | D:4      | Reached **** piety under Ru
  3756 | D:5      | Entered Level 5 of the Dungeon
  3819 | D:5      | Found a staircase to the Ecumenical Temple.
  3979 | D:5      | Reached XP level 7. HP: 38/45 MP: 8/11
  4125 | D:5      | Found a blossoming altar of Fedhas.
  4132 | D:5      | Reached skill level 5 in Unarmed Combat
  4551 | D:5      | Found a runed translucent door.
  4565 | D:5      | Noticed sylnyx's ghost (amateur TrFi)
  4737 | D:5      | Reached XP level 8. HP: 52/52 MP: 7/13
  4970 | D:6      | Reached skill level 5 in Transmutations
  5000 | D:6      | Reached skill level 6 in Unarmed Combat
  5513 | D:6      | Noticed a wraith
  5525 | D:6      | Killed a wraith
  6276 | D:7      | Reached XP level 9. HP: 46/58 MP: 9/15
  6481 | D:7      | Noticed Harold
  6497 | D:7      | HP: 2/58 [Harold/+0 vorpal mace (5)]
  6500 | D:7      | Killed Harold
  6501 | D:7      | Reached skill level 5 in Dodging
  6501 | D:7      | Reached skill level 7 in Unarmed Combat
  7194 | D:8      | Learned a level 5 spell: Blade Hands
  7379 | D:8      | Found Xayk's Antique Weapon Emporium.
  7491 | D:8      | Found a runed translucent door.
  7492 | D:8      | Found a shimmering altar of Xom.
  7492 | D:8      | Noticed issech's ghost (novice TrMo)
  7493 | D:8      | Found Koullaewk's Jewellery Emporium.
  7493 | D:8      | Noticed a +1 whip of chaos
  7888 | D:9      | Gained mutation: You are hated by all. [Ru sacrifice]
  7888 | D:9      | Reached ***** piety under Ru
  8240 | D:9      | Reached skill level 5 in Fighting
  8240 | D:9      | Reached skill level 5 in Spellcasting
  8263 | D:9      | Reached skill level 8 in Unarmed Combat
  8303 | D:9      | Reached XP level 10. HP: 44/66 MP: 6/17
  8308 | D:9      | HP: 1/66 [killer bee (7)]
  8308 | D:9      | Slain by a centaur

Illustrated notes

Levels and vault maps discovered:
D:1:      onia_arrival_mini_maze, layout_basic, shapermc_ecumenical_altar_gd
D:2:      layout_rooms, minmay_ruptured, uniq_jessica, uniq_terence
D:3:      layout_loops_ring, okawaru_gym_becter
D:4:      layout_basic, minmay_tree_intersection, corexii_hall_statues_u,
          minmay_misc_feat_doors
D:5:      layout_rooms, mainiacjoe_overflow_alcove_2, minmay_temple_entry_wispy,
          ebering_ghost_sewer_d
D:6:      layout_basic
D:7:      layout_basic, uniq_harold
D:8:      layout_basic, ebering_ghost_xom, serial_shops, shop_statue, shop
D:9:      minmay_imperfect_grid, layout_long_grid, lair_entry_dummy,
          ebering_ghost_inner_flame

Skill      XL: |  1  2  3  4  5  6  7  8  9 |
---------------+----------------------------+-----
Unarmed Combat | 4 5 6 8 |  8.1
Transmutations | 3 4 6 7 |  7.6
Fighting       | 2 3 4 5 |  5.1
Dodging        | 3 4 5 |  5.1
Spellcasting   | 3 4 5 |  5.1

Action                   |  1- 3 |  4- 6 |  7- 9 | 10-12 || total
-------------------------+-------+-------+-------+-------++-------
Melee: Unarmed           |    15 |    67 |   161 |     4 ||   247
       Dagger            |    53 |    83 |       |       ||   136
       Tentacles         |    15 |    26 |    35 |       ||    76
       Constrict         |    18 |    38 |    22 |       ||    78
       Kick              |    13 |    30 |    40 |       ||    83
       Punch             |     5 |     6 |     4 |       ||    15
       Falchion          |       |     1 |       |       ||     1
       Flail             |       |       |     3 |       ||     3
 Cast: Beastly Appendage |    10 |    21 |    15 |       ||    46
       Spider Form       |     1 |     3 |     4 |       ||     8
       Wereblood         |       |     4 |     3 |     1 ||     8
       Blade Hands       |       |       |     5 |       ||     5
Invok: Sacrifice a Hand  |     1 |       |       |       ||     1
       Sacrifice Arcana  |       |     1 |       |       ||     1
       Power Leap        |       |       |    12 |       ||    12
       Sacrifice Love    |       |       |     1 |       ||     1
 Abil: End Transformatio |       |       |     1 |       ||     1
  Use: Scroll            |       |     6 |     5 |       ||    11
       Potion            |       |       |     3 |     1 ||     4
 Stab: Sleeping          |       |     9 |     5 |       ||    14
       Invisible         |       |     1 |     1 |       ||     2
       Distracted        |       |     1 |     2 |       ||     3
Armor: Skin              |     4 |     8 |     5 |     1 ||    18
Dodge: Dodged            |    38 |   112 |   123 |     8 ||   281
